 Dungeon Crawl Stone Soup version 0.30-a0-782-ge64f9170bb (webtiles) character file.

Game seed: 2914095647667226871

69 tilp the Slasher (level 4, -2/40 HPs)
             Began as a Meteoran Fighter on Mar 11, 2023.
             Was an Initiate of Okawaru.
             Splashed by a jelly's acid (5 damage)
             ... on level 3 of the Dungeon.
             The game lasted 00:02:35 (484 turns).

tilp the Slasher (Meteoran Fighter)                  Turns: 484, Time: 00:02:36

Health: -2/40      AC: -9    Str: 18    XL:     4   Next: 70%
Magic:  5/5        EV: 10    Int:  9    God:    Okawaru [......]
Gold:   72         SH:  5    Dex: 15    Spells: 3/3 levels left

rFire   . . .      SeeInvis .    a - +0 long sword
rCold   . . .      Faith    .    c - +0 buckler
rNeg    . . .      Spirit   .    b - +0 scale mail
rPois   +          Reflect  .    (no helmet)
rElec   .          Harm     .    (no cloak)
rCorr   .          Rampage  .    (no gloves)
Will    .....                    (no boots) Stlth
                                 (no amulet)
HPRegen 0.26/turn                j - ring of poison resistance
MPRegen 0.09/turn                (no ring)

@: corroded, glowing
A: sense surroundings 1, otherworldly, glowing, explore regen
a: Renounce Religion


You were on level 3 of the Dungeon.
You worshipped Okawaru.
Okawaru was noncommittal.
You visited 1 branch of the dungeon, and saw 4 of its levels.

You collected 72 gold pieces.

Inventory:

Hand Weapons
 a - a +0 long sword (weapon)
Missiles
 g - 9 stones (quivered)
 n - 4 boomerangs
Armour
 b - a +0 scale mail (worn)
 c - a +0 buckler (worn)
Jewellery
 d - a ring of ice
 j - a ring of poison resistance (left hand)
 k - a ring of magical power
Scrolls
 e - a scroll of noise {unknown}
 f - a scroll of fear {unknown}
 h - a scroll of identify {unknown}
 l - a scroll of torment {unknown}
 m - a scroll of enchant armour {unknown}
Potions
 i - a potion of magic {unknown}


   Skills:
 + Level 3.9 Fighting
 * Level 4.1 Long Blades
 - Level 3.6 Armour
 - Level 2.0 Dodging
 - Level 3.6 Shields


You had 3 spell levels left.
You didn't know any spells.
Your spell library was empty.

Dungeon Overview and Level Annotations

Branches:
Dungeon (4/15) Zot: 1896
 Temple: D:4-7

Altars:
Okawaru


Innate Abilities, Weirdness & Mutations

You passively map a small area around you.
You are easily found by Zot.
You glow in the dark.
You regain HP and MP as you explore.


Message History

You barely miss the worm.
The worm is severely wounded.
You block the worm's attack.
You slash the worm!
You kill the worm!
Okawaru accepts your kill.
Training target 2.0 for Dodging reached!
Your Dodging skill increases to level 2!
No target in view!
No target in view!
You see here a worm corpse.
g - 9 stones (gained 5)
There is a stone staircase leading up here.
You climb upwards.
The jelly quivers.
Found 13 gold pieces and a purple potion.
There is a stone staircase leading down here.
You barely miss the jelly. The jelly hits you but does no damage.
You hit the jelly but do no damage.
Your hands burn!
The jelly hits you. The acid corrodes you!
You are splashed with acid!
You slash the jelly!
Your hands burn!
The jelly is heavily wounded.
The jelly hits you. The acid corrodes you!
You are splashed with acid.
You are too injured to fight recklessly!
You are too injured to fight recklessly!
You hit the jelly.
Your hands burn!
The jelly is severely wounded.
You block the jelly's attack. The jelly hits you. The acid corrodes you!
You are splashed with acid!
* * * LOW HITPOINT WARNING * * *
You hit the jelly but do no damage.
Your hands burn!
* * * LOW HITPOINT WARNING * * *
The jelly is severely wounded.
The jelly closely misses you.
You hit the jelly but do no damage.
Your hands burn!
* * * LOW HITPOINT WARNING * * *
The jelly is severely wounded.
The jelly barely misses you.
You hit the jelly but do no damage. The acid corrodes you!
Your hands burn!
You die...

## * .# ,
.# , .# ,
.# * .# ,
##########
.#
#....$...#
.# *
#.>......#
.# ###
#..@J....#
.##..###
#........#
##.....#*
#........#
#.># *,
#...!......
#.## * *,
...#######.
..# ***
.#### , .##
,.. **
######* ..,
* , .....#
* , ,


You could see a jelly.

Vanquished Creatures
  An orc priest (D:3)
  An adder (D:4)
  A worm (D:4)
  3 orcs (D:3)
  An endoplasm (D:3)
  3 goblins
  A hobgoblin (D:1)
  3 jackals (D:1)
  3 ball pythons
  A bat (D:1)
  A frilled lizard (D:3)
  3 kobolds
  A rat (D:1)
23 creatures vanquished.

Notes
Turn   | Place    | Note
-------+----------+-------------------------------------------
     0 | D:1      | tilp the Meteoran Fighter began the quest for the Orb.
     0 | D:1      | Reached XP level 1. HP: 19/19 MP: 2/2
   129 | D:1      | Reached XP level 2. HP: 11/26 MP: 3/3
   135 | D:1      | Reached skill level 3 in Long Blades
   196 | D:2      | Reached skill level 1 in Dodging
   260 | D:3      | Reached XP level 3. HP: 29/31 MP: 4/4
   280 | D:3      | Found an iron altar of Okawaru.
   305 | D:3      | Reached XP level 4. HP: 39/40 MP: 5/5
   356 | D:3      | Became a worshipper of Warmaster Okawaru
   432 | D:4      | Reached skill level 4 in Long Blades
   483 | D:3      | HP: 2/40 [acid (4)]
   484 | D:3      | Splashed by a jelly's acid

Illustrated notes

Levels and vault maps discovered:
D:1:      wheals_arrival_linesprint, layout_basic
D:2:      layout_basic, hellmonk_ecumenical_altar_crossroads, basic_altar,
          uniq_natasha
D:3:      layout_rooms, mainiacjoe_overflow_concentric_impassable
D:4:      layout_cave_pools, lemuel_coloured_pillars_altar

Skill      XL: |  1  2  3  4 |
---------------+-------------+-----
Long Blades    | 3 4 |  4.1
Dodging        | 1 2 |  2.0
Fighting       | |  3.9
Armour         | |  3.6
Shields        | |  3.6

Action                     |  1- 3 |  4- 6 || total
---------------------------+-------+-------++-------
  Melee: Long sword        |    49 |    23 ||    72
    Use: Potion            |     1 |       ||     1
 Armour: Scale mail        |    32 |     6 ||    38
  Dodge: Dodged            |    24 |     6 ||    30
  Block: Buckler           |    15 |     7 ||    22

Table legend: (Time is in decaauts)
 A = Elapsed time spent in this place.
 B = Non-inter-level travel time spent in this place.
 C = Inter-level travel time spent in this place.
 D = Time resting spent in this place.
 E = Time spent auto-exploring this place.
 F = Levels seen in this place.
 G = Mean time per level.
                   A        B        C        D        E       F      G
               +--------+--------+--------+--------+--------+-----+--------+
         Total |    503 |    464 |     39 |      2 |      0 |   4 |  125.8 |
       Dungeon |    503 |    464 |     39 |      2 |      0 |   4 |  125.8 |
               +--------+--------+--------+--------+--------+-----+--------+

Top non-repeatable levels by time:
     D:3: 191 daAuts
     D:1: 191 daAuts
     D:4: 62 daAuts
     D:2: 58 daAuts
